Selects Luftwaffe Battlegroup
Selects Luftwaffe Pioneer Support
Fallschirmpioneer Squad Paradrop
Construct Infanterie Kompanie
Construct Luftwaffe Kompanie
Selects LG40 Recoilless Gun Paradrop
Flak 30 Anti-aircraft Gun Team
Construct Panzergrenadier Kompanie
Pak 40 Anti-tank Gun Team
Selects Infantry Reserves
Selects Reconnaissance Run
Pak 40 Anti-tank Gun Team
Construct Panzer Kompanie
Selects Fallschirmjäger Squad Paradrop
Pak 40 Anti-tank Gun Team
Luftwaffe Officer Quarters